Map: Submarine LE

Players

boanaan - Winner!

  • Race: Protoss Protoss
  • League: Master
  • Spawn Location: 11:00

VeNTuRe

  • Race: Protoss Protoss
  • League: Master
  • Spawn Location: 5:00

VOD

Have the link to the VOD?

Description

Time

  • Played on: Aug. 10, 2020, 9:29 a.m.
  • Length: 9:11
Show
View Real Time Build Order
Export as new Build Order

boanaan Protoss - Winner!

Build Orders:  

Get SALT Encoding   

  12  0:00  Probe  
  13  0:12  Probe  
  14  0:17  Pylon  
  14  0:24  Probe  
  15  0:37  Probe  
  15  0:38  Forge  
  16  0:49  Probe  
  17  0:54  Pylon  
  17  1:01  Probe  
  18  1:15  Photon Cannon  
  18  1:17  Gateway  
  18  1:29  Photon Cannon  
  17  1:41  Gateway  
  17  1:54  Pylon  
  15  2:18  Nexus  
  15  2:22  Zealot (Chrono Boost)  
  17  2:44  Pylon  
  16  3:18  Cybernetics Core  
  16  3:20  Assimilator  
  16  3:44  Probe  
  17  3:56  Probe  
  18  4:03  Stalker  
  18  4:08  Probe  
  21  4:20  Probe  
  21  4:43  Probe  
  21  4:45  Stalker  
  22  4:51  Warp Gate (Chrono Boost)  
  22  4:55  Assimilator, Probe  
  23  5:07  Probe  
  24  5:19  Probe  
  25  5:31  Probe  
  24  5:43  Pylon, Probe  
  24  5:44  Stalker  
  24  5:48  Gateway  
  27  5:55  Probe  
  26  6:03  Gateway  
  26  6:04  Gateway  
  26  6:07  Probe  
  27  6:19  Probe  
  28  6:26  Adept  
  30  6:31  Pylon  
  30  6:32  Probe  
  30  6:51  Probe  
  30  6:53  Adept x2  
  30  6:58  Gateway  
  30  7:03  Probe  
  30  7:15  Probe  
  30  7:27  Stalker x3, Probe  
  30  7:32  Stalker  
  30  8:03  Nexus  
  30  8:04  Pylon  
  30  8:12  Pylon  
  30  8:24  Stalker  
  30  8:25  Stalker  
  30  8:28  Stalker  
  30  8:30  Stalker  
  30  8:46  Probe  
  30  8:49  Stalker x2  
  30  8:55  Stalker  
  30  8:58  Probe  
Show
View Real Time Build Order
Export as new Build Order

VeNTuRe Protoss 

Build Orders:  

Get SALT Encoding   

  12  0:06  Probe  
  13  0:19  Probe  
  14  0:31  Probe  
  15  0:36  Pylon  
  15  0:55  Forge  
  15  0:56  Gateway  
  15  0:59  Gateway  
  15  1:09  Pylon  
  15  1:31  Photon Cannon  
  15  1:32  Photon Cannon  
  15  1:46  Pylon  
  15  1:48  Pylon  
  15  1:56  Zealot  
  17  2:06  Photon Cannon  
  16  2:29  Photon Cannon  
  16  2:39  Zealot  
  17  4:03  Nexus  
  8  6:08  Photon Cannon  
  8  6:15  Probe (Chrono Boost)  
  10  6:28  Probe (Chrono Boost)  
Tags
 
Matchup
PvP
Spawn Locations
Cross Positions
Add a new tag
Caveats
  • Supply blocks, unpowered buildings, or Contaminate may cause inaccurate times.
  • Supply counts are checked every 10 seconds.